 Dungeon Crawl Stone Soup version 0.31-a0-1074-g0b22e4e0f1 (webtiles) character file.

Game seed: 7766187751808926134

40 Jeffwins the Ruffian (level 3, -1/31 HPs)
             Began as a Troll Earth Elementalist on Nov 29, 2023.
             Slain by an iguana (7 damage)
             ... on level 3 of the Dungeon.
             The game lasted 00:01:08 (893 turns).

Jeffwins the Ruffian (Troll Earth Elementalist)      Turns: 893, Time: 00:01:08

Health: -1/31      AC:  4    Str: 16    XL:     3   Next: 30%
Magic:  3/3        EV:  9    Int: 13    God:
Gold:   74         SH:  0    Dex: 10    Spells: 3/4 levels left

rFire   . .          .
                       - Unarmed
rCold   . . .        (no shield)
rNeg    . . .        a - +0 robe
rPois   .            (helmet restricted)
rElec   .            (no cloak)
rCorr   .            (gloves unavailable)
SInv    .            (boots unavailable)
Will    .....        (no amulet)
Stlth   +            L - ring of flight
HPRegen 1.05/turn    (no ring)
MPRegen 0.08/turn

%: no passive effects
@: flying
A: large, unfitting armour, claws 3, regeneration 1, shaggy fur 1, tough skin 1
a: no special abilities


You were on level 3 of the Dungeon.
You visited 1 branch of the dungeon, and saw 3 of its levels.

You collected 74 gold pieces.


Innate Abilities, Weirdness & Mutations

You are too large for most types of armour.
You have claws for hands.
Your natural rate of healing is unusually fast.
You are covered in fur. (AC +1)
You have tough skin. (AC +1)


   Skills:
 - Level 1.5 Dodging
 - Level 1.0 Stealth
 + Level 3.0 Unarmed Combat
 - Level 1.2 Spellcasting
 - Level 0.6 Transmutations
 - Level 2.6 Earth Magic


You had 3 spell levels left.
You knew the following spells:

 Your Spells              Type           Power      Damage    Failure   Level
z - Sandblast             Erth           14%        2d6       9%          1

Your spell library contained the following spells:

 Spells                   Type           Power      Damage    Failure   Level
 Passwall                 Tmut/Erth      4%         N/A       22%         2
 Stone Arrow              Conj/Erth      8%         3d7       43%         3
 Petrify                  Tmut/Erth      5%         N/A       80%         4
 Brom's Barrelling Bould  Conj/Erth      4%         2d3       85%         4

Inventory:

Missiles
 d - 4 darts of dispersal {=f}
Armour
 a - a +0 robe (worn)
Jewellery
 L - a ring of flight (left claw)
Scrolls
 g - a scroll of vulnerability {unknown}
Potions
 b - a potion of magic
 c - a potion of heal wounds {unknown}
 e - a potion of curing {unknown}
 f - a potion of resistance {unknown}

Dungeon Overview and Level Annotations

Branches:
Dungeon (2/15)

Altars:

#........)........
#.................
#.................
#.................
#.................
#.....<...........
#....†............
######l...###########$#
#.....@...# ..#
#.........# .##
#.........# #.........#
##.......## ##.......
#####...# ...#


You could see an iguana.


Message History

No target in view!
Found 15 gold pieces.
Found a whip.
Found a stone staircase leading up.
You now have 74 gold pieces (gained 10).
A rat comes into view.
Found a scroll labelled LIODWE XECA.
There is a stone staircase leading up here.
You closely miss the rat. The rat barely misses you.
You scratch the rat.
You kill the rat!
No target in view!
No target in view!
An iguana comes into view.
The iguana hisses angrily.
You scratch the iguana but do no damage.
The iguana barely misses you.
You barely miss the iguana. The iguana bites you!
You barely miss the iguana. The iguana bites you.
You barely miss the iguana. The iguana barely misses you.
You barely miss the iguana. The iguana bites you!
* * * LOW HITPOINT WARNING * * *
Unknown command.
You scratch the iguana.
The iguana is moderately wounded.
The iguana bites you!
* * * LOW HITPOINT WARNING * * *
Unknown command.
The iguana bites you!
You die...

Skill      XL: |  1  2  3 |
---------------+----------+-----
Unarmed Combat | 1 2 3 |  3.0
Dodging        | |  1.5
Stealth        | |  1.0
Spellcasting   | |  1.2
Transmutations | |  0.6
Earth Magic    | |  2.6

Action                     || total
---------------------------++-------
  Melee: Unarmed           ||    76
         Punch             ||     1
   Stab: Sleeping          ||     2
 Armour: Robe              ||    44
  Dodge: Dodged            ||    33

Levels and vault maps discovered:
D:1:      grunt_arrival_crossed_arrows, layout_basic, minmay_fountain_box
D:2:      layout_loops_ring, patterned_corridor, uniq_crazy_yiuf_cottage,
          uniq_natasha, uniq_sigmund
D:3:      layout_rooms, mainiacjoe_overflow_paths,
          mainiacjoe_sewer_entry_somewhere_in_here_2

Notes
Turn   | Place    | Note
-------+----------+-------------------------------------------
     0 | D:1      | Jeffwins the Troll Earth Elementalist began the quest for
                  | the Orb.
     0 | D:1      | Reached XP level 1. HP: 16/16 MP: 1/1
    42 | D:1      | Reached skill level 1 in Unarmed Combat
   298 | D:1      | Reached XP level 2. HP: 21/24 MP: 2/2
   420 | D:1      | Reached skill level 2 in Unarmed Combat
   800 | D:2      | You fall into a shaft and drop 1 floor!
   834 | D:3      | Reached XP level 3. HP: 31/31 MP: 3/3
   861 | D:3      | Reached skill level 3 in Unarmed Combat
   893 | D:3      | Slain by an iguana

Vanquished Creatures
  A dart slug (D:1)
  5 orcs (D:3)
  2 endoplasms (D:1)
  2 giant cockroaches
  4 goblins
  2 hobgoblins
  A kobold (D:1)
  4 quokkas
  2 bats (D:1)
  A frilled lizard (D:3)
  6 rats
30 creatures vanquished.

Table legend: (Time is in decaauts)
 A = Elapsed time spent in this place.
 B = Non-inter-level travel time spent in this place.
 C = Inter-level travel time spent in this place.
 D = Time resting spent in this place.
 E = Time spent auto-exploring this place.
 F = Levels seen in this place.
 G = Mean time per level.
                   A        B        C        D        E       F      G
               +--------+--------+--------+--------+--------+-----+--------+
         Total |    889 |    813 |     76 |      0 |    608 |   3 |  296.3 |
       Dungeon |    889 |    813 |     76 |      0 |    608 |   3 |  296.3 |
               +--------+--------+--------+--------+--------+-----+--------+

Top non-repeatable levels by time:
     D:1: 665 daAuts
     D:2: 132 daAuts
     D:3: 90 daAuts

Table legend:
 A = Non-vault XP
 B = Vault XP
 C = Vault XP percentage of total XP
 D = Non-vault monster count
 E = Vault monster count
 F = Vault count percentage of total count
                 A         B        C        D         E       F
            +---------+---------+-------+---------+---------+-------
      Total |      58 |       0 |   0.0 |      30 |       0 |   0.0
            +---------+---------+-------+---------+---------+-------
        D:1 |      31 |       0 |   0.0 |      17 |       0 |   0.0
        D:2 |       7 |       0 |   0.0 |       4 |       0 |   0.0
        D:3 |      20 |       0 |   0.0 |       9 |       0 |   0.0
            +---------+---------+-------+---------+---------+-------
